 Dungeon Sprint DCSS version 0.28.0-47-ge53b351184 (webtiles) character file.

Game seed: 17888941213532524422

8 GigaChad the Skirmisher (level 2, -3/28 HPs)
             Began as a Minotaur Fighter on May 2, 2022.
             Slain by a sky beast (4 damage)
             ... in the Dungeon (Sprint IX: "|||||||||||||||||||||||||||||").
             The game lasted 00:00:24 (31 turns).

GigaChad the Skirmisher (Minotaur Fighter)            Turns: 31, Time: 00:00:25

Health: -3/28      AC:  7    Str: 20    XL:     2   Next: 0%
Magic:  1/1        EV:  9    Int:  5    God:
Gold:   0          SH:  4    Dex:  9    Spells: 1/1 levels left

rFire   . . .      SeeInvis .   a - +0 long sword
rCold   . . .      Faith    .   c - +0 buckler
rNeg    . . .      Spirit   .   b - +0 scale mail
rPois   .          Reflect  .   (helmet restricted)
rElec   .          Harm     .   (no cloak)
rCorr   .          Rampage  .   (no gloves)
Will    .....      NoTele   +   (no boots)
Stlth   ..........              (no amulet)
HPRegen 0.09/turn               (no ring)
MPRegen 0.07/turn               (no ring)

@: no status effects
A: horns 2, retaliatory headbutt
a: no special abilities


You were in the Dungeon.
You visited 1 branch

Inventory:

Hand Weapons
 a - a +0 long sword (weapon)
Armour
 b - a +0 scale mail (worn)
 c - a +0 buckler (worn)
Scrolls
 j - a scroll of blinking
Potions
 d - a potion of might
 e - a potion of curing
 f - a potion of heal wounds
 g - a potion of haste
 h - 2 potions of magic
 i - a potion of berserk rage


   Skills:
 + Level 4.6 Fighting
 + Level 2.7 Long Blades
 + Level 4.5 Armour
 + Level 4.3 Shields


You had one spell level left.
You didn't know any spells.
Your spell library was empty.

Dungeon Overview and Level Annotations

Branches:
Dungeon (1/1)

Altars:


Innate Abilities, Weirdness & Mutations

You have a pair of horns on your head.
You reflexively headbutt those who attack you in melee.


Message History

Your Armour skill increases to level 4!
Your Shields skill increases to level 4!
You hit the endoplasm.
You kill the endoplasm!
The dart slug closely misses you.
You see here a bat corpse.
You slash the dart slug!
You kill the dart slug!
You open the door.
A hound, an ice beast, a sky beast and 2 orcs come into view.
The hound barks!
The orc shouts! x2
You hit the orc.
The orc is heavily wounded.
The orc hits you but does no damage. x2
You slash the orc!
You kill the orc!
You have reached level 2!
You miss the sky beast. Your headbutt misses the sky beast.
The sky beast flickers out of sight!
Deactivating autopickup; reactivate with Ctrl-A.
Something hits you. Something shocks you.
A sky beast appears from thin air!
Reactivating autopickup.
The sky beast hits you but does no damage.
You closely miss the sky beast. Your headbutt misses the sky beast.
You block the sky beast's attack.
You miss the sky beast. Your headbutt misses the sky beast.
The sky beast hits you. The sky beast shocks you.
You hit the sky beast. Your headbutt misses the sky beast.
The sky beast is lightly wounded.
The sky beast flickers out of sight!
Deactivating autopickup; reactivate with Ctrl-A.
Something hits you but does no damage.
You barely miss something.
A sky beast appears from thin air!
Reactivating autopickup.
The sky beast hits you.
* * * LOW HITPOINT WARNING * * *
The sky beast shocks you.
* * * LOW HITPOINT WARNING * * *
The sky beast hits you.
You die...

▓+▓
▓.▓
▓.▓
▓h▓
▓o▓
▓Y▓
▓Y▓
▓@▓
▓.▓
▓.▓
▓.▓
▓†▓
▓)▓
▓.▓
▓.▓
▓.▓


You could see an ice beast, a sky beast, a hound and an orc.

Vanquished Creatures
  A dart slug (D)
  An orc (D)
  An endoplasm (D)
  A bat (D)
  A kobold (D)
  A rat (D)
6 creatures vanquished.

Notes
Turn   | Place    | Note
-------+----------+-------------------------------------------
     0 | D        | GigaChad the Minotaur Fighter began the quest for the Orb.
     0 | D        | Reached XP level 1. HP: 19/19 MP: 0/0
    24 | D        | Noticed a hound
    24 | D        | Noticed an ice beast
    24 | D        | Noticed a sky beast
    27 | D        | Reached XP level 2. HP: 25/28 MP: 1/1
    31 | D        | HP: 1/28 [sky beast (5)]
    31 | D        | Slain by a sky beast

Illustrated notes

Levels and vault maps discovered:
D:        linesprint [early_d, line_temple, items_1, d_10, items_2, lair_1,
          lair_end, items_3, orc_1, orc_end, items_4, d_15, swamp_1, shoals_1,
          snake_1, spider_1, d_20, vaults_1, items_5, swamp_end, shoals_end,
          snake_end, spider_end, vaults_end, d_27, items_6, zot_1, zot_end,
          crypt_end, forest_end, elf_end, slime_end, tomb_end, abyss_end,
          pan_hell_end]

Skill      XL: |  1 |
---------------+----+-----
Fighting       | 4 |  4.6
Armour         | 4 |  4.5
Shields        | 4 |  4.3
Long Blades    | |  2.7

Action                   || total
-------------------------++-------
Melee: Long sword        ||    21
       Headbutt          ||     1
Armor: Scale mail        ||    12
Dodge: Dodged            ||    11
Block: Buckler           ||     5
